 Dungeon Crawl Stone Soup version 0.27.1-34-g3ba077fa99 (webtiles) character file.

Game seed: 7942312506496972129

9 cbfl8 the Sneak (level 2, -2/27 HPs)
             Began as a Minotaur Delver on Jan 23, 2022.
             Slain by a bullfrog skeleton (5 damage)
             ... on level 5 of the Dungeon.
             The game lasted 00:00:48 (275 turns).

cbfl8 the Sneak (Minotaur Delver)                    Turns: 275, Time: 00:00:49

Health: -2/27      AC:  3    Str: 16    XL:     2   Next: 3%
Magic:  1/1        EV: 11    Int:  7    God:
Gold:   50         SH:  0    Dex: 11    Spells: 1/1 levels left

rFire    . . .     SeeInvis .   a - +0 hand axe
rCold    . . .     Faith    .   (no shield)
rNeg     . . .     Spirit   .   b - +0 leather armour
rPois    .         Reflect  .   (helmet restricted)
rElec    .         Harm     .   (no cloak)
rCorr    .         Rampage  .   (no gloves)
Will     .....                  (no boots)
Stlth    ++........             (no amulet)
HPRegen  0.09/turn              (no ring)
MPRegen  0.07/turn              (no ring)

@: no status effects
A: horns 2, retaliatory headbutt
a: no special abilities


You were on level 5 of the Dungeon.
You visited 1 branch of the dungeon, and saw 2 of its levels.

You collected 50 gold pieces.

Inventory:

Hand Weapons
 a - a +0 hand axe (weapon)
Armour
 b - a +0 leather armour (worn)
Wands
 g - a wand of digging (3)
Scrolls
 c - a scroll of fog
 d - a scroll of magic mapping
 e - a scroll of fear
Potions
 f - a potion of haste


   Skills:
 + Level 3.7 Fighting
 + Level 2.4 Axes
 + Level 2.2 Dodging
 + Level 4.4 Stealth


You had one spell level left.
You didn't know any spells.
Your spell library contained the following spells:

 Spells                   Type           Power      Damage    Failure   Level
 Inner Flame              Hex/Fire       0%         N/A       86%         3
 Cause Fear               Hex            0%         N/A       99%         4
 Discord                  Hex            0%         N/A       100%        8


Dungeon Overview and Level Annotations

Branches:
Dungeon (6/15)
 Temple: D:4-7

Altars:


Innate Abilities, Weirdness & Mutations

You have a pair of horns on your head.
You reflexively headbutt those who attack you in melee.


Message History

The bullfrog skeleton hits you.
You slash the bullfrog skeleton!
The bullfrog skeleton is moderately damaged.
The bullfrog skeleton hits you. x2
You hit the bullfrog skeleton.
Your headbutt misses the bullfrog skeleton.
The bullfrog skeleton is moderately damaged.
The bullfrog skeleton hits you.
You barely miss the bullfrog skeleton.
The bullfrog skeleton is moderately damaged.
The bullfrog skeleton hits you. x2
You hit the bullfrog skeleton.
The bullfrog skeleton is heavily damaged.
The bullfrog skeleton barely misses you.
You furiously retaliate!
You headbutt the bullfrog skeleton, but do no damage.
The bullfrog skeleton hits you.
* * * LOW HITPOINT WARNING * * *
You slash the bullfrog skeleton!
Your headbutt misses the bullfrog skeleton.
The bullfrog skeleton is severely damaged.
The bullfrog skeleton misses you.
You barely miss the bullfrog skeleton.
Your headbutt misses the bullfrog skeleton.
The bullfrog skeleton is severely damaged.
The bullfrog skeleton hits you but does no damage. x2
You completely miss the bullfrog skeleton.
The bullfrog skeleton is severely damaged.
The bullfrog skeleton misses you.
You hit the bullfrog skeleton.
The bullfrog skeleton is almost destroyed.
The bullfrog skeleton hits you.
* * * LOW HITPOINT WARNING * * *
You hit the bullfrog skeleton.
Your headbutt misses the bullfrog skeleton.
The bullfrog skeleton is almost destroyed.
The bullfrog skeleton hits you.
* * * LOW HITPOINT WARNING * * *
The bullfrog skeleton hits you.
You die...

... #.# ##
... .# #.#
.# #.# .#
# #.# .#
#.##.##.##
#.....@Z?#
##.#.###.#
# #..# #
##.# #>#
#.......#
##......#
#.#.##.#
#.#.. .#


You could see a bullfrog skeleton.

Vanquished Creatures
  An adder (D:6)
1 creature vanquished.

Notes
Turn   | Place    | Note
-------+----------+-------------------------------------------
     0 | D:5      | cbfl8 the Minotaur Delver began the quest for the Orb.
     0 | D:5      | Reached XP level 1. HP: 19/19 MP: 0/0
    48 | D:5      | Noticed an iguana
   131 | D:6      | Reached XP level 2. HP: 16/27 MP: 1/1
   249 | D:6      | Noticed a scorpion
   275 | D:5      | Slain by a bullfrog skeleton

Illustrated notes

Levels and vault maps discovered:
D:5:      layout_loops_cross, overflow_temple_1_default, tso_altar,
          uniq_prince_ribbit1
D:6:      layout_gridville, grunt_dithmenos_smoke

Action                   || total
-------------------------++-------
Melee: Hand axe          ||    14
Armor: Leather armour    ||     3
Dodge: Dodged            ||     6
